 Dungeon Crawl Stone Soup version 0.31-a0-675-g238779eb0a (webtiles) character file.

Game seed: 6303698261307826900

56 qw the Shooter (level 3, -1/23 HPs)
             Began as a Gargoyle Hunter on Sept 5, 2023.
             Slain by Sigmund
             ... wielding a +0 scythe
              (8 damage)
             ... on level 2 of the Dungeon.
             The game lasted 00:00:26 (1130 turns).

qw the Shooter (Gargoyle Hunter)                    Turns: 1130, Time: 00:00:27

Health: -1/23      AC:  6    Str: 14    XL:     3   Next: 95%
Magic:  3/3        EV: 11    Int:  9    God:
Gold:   77         SH:  0    Dex: 15    Spells: 2/2 levels left

rFire   . . .        Y - +0 shortbow
rCold   . . .        (shield currently unavailable)
rNeg    + . .        c - +0 leather armour
rPois   inf          (no helmet)
rElec   +            (no cloak)
rCorr   .            (no gloves)
SInv    .            (no boots)
Will    .....        (no amulet)
Stlth   ++           (no ring)
HPRegen 0.23/turn    (no ring)
MPRegen 0.08/turn

%: no passive effects
@: no status effects
A: sickness immunity, AC +3, negative energy resistance 1, electricity
resistance, torment resistance 1, petrification resistance
a: no special abilities


You were on level 2 of the Dungeon.
You visited 1 branch of the dungeon, and saw 2 of its levels.

You collected 77 gold pieces.


Innate Abilities, Weirdness & Mutations

You are immune to sickness and miasma.
Your stone body is resilient. (AC +3)
You are immune to poison.
You resist negative energy. (rN+)
You are resistant to electric shocks. (rElec)
You are resistant to unholy torment.
You are immune to petrification.


   Skills:
 - Level 3.0 Fighting
 + Level 5.1 Ranged Weapons
 - Level 1.5 Dodging
 - Level 1.1 Stealth


You had 2 spell levels left.
You didn't know any spells.
Your spell library was empty.

Inventory:

Hand Weapons
 Y - a +0 shortbow (weapon)
Armour
 a - a +0 helmet
 b - the +2 leather armour "Rojit" {Int+2}
   (You found it on level 2 of the Dungeon)

   Int+2:     It affects your intelligence (+2).
 c - a +0 leather armour (worn)
Scrolls
 d - a scroll of teleportation {unknown}
Potions
 g - a potion of lignification {unknown}
 i - a potion of enlightenment {unknown}
 j - a potion of magic {unknown}

Dungeon Overview and Level Annotations

Branches:
Dungeon (2/15)

Altars:

Annotations:
D:2 Sigmund


Message History

You shoot an arrow.
The arrow hits the rat but does no damage.
You shoot an arrow. The arrow hits the rat!
You kill the rat!
The bat barely misses you.
You shoot an arrow. The arrow hits the bat.
You kill the bat!
Found a stone staircase leading up.
Enter note: Sigmund the Dreaded comes into view.
He is wielding a +0 scythe.
Sigmund shouts!
You shoot an arrow. The arrow hits Sigmund.
Sigmund is lightly wounded.
Sigmund hits you from afar with a +0 scythe.
You shoot an arrow. The arrow hits Sigmund.
Sigmund is moderately wounded.
You shoot an arrow. The arrow barely misses Sigmund.
Sigmund hits you from afar with a +0 scythe.
You shoot an arrow. The arrow barely misses Sigmund.
Sigmund barely misses you.
You shoot an arrow. The arrow hits Sigmund!
Sigmund is heavily wounded.
Sigmund hits you from afar with a +0 scythe.
You shoot an arrow. The arrow hits Sigmund!
Sigmund is almost dead.
Sigmund hits you but does no damage.
You shoot an arrow.
The arrow hits Sigmund but does no damage.
Sigmund is almost dead.
You shoot an arrow. The arrow barely misses Sigmund.
Sigmund gestures at you while chanting. The puff of flame misses you.
You shoot an arrow. The arrow barely misses Sigmund.
Sigmund points at you and mumbles some strange words.
The puff of flame hits you. Sigmund hits you but does no damage.
You shoot an arrow. The arrow barely misses Sigmund.
You shoot an arrow. The arrow barely misses Sigmund.
Sigmund hits you from afar with a +0 scythe!
You die...
Sigmund begins carving another notch in his scythe.

... ..# ## ..#
#.## #.# ..
<...#.#
.#...##..#.# #
.........#.###..##
#... #...@.@.....
#
#...##.##.###..##
#.# #.........# #.
#..%.....# .
#.###.##.###. # #
#.......)... ##.##
##.......... <...#
#.##.########
##..# #.# #..#


You could see Sigmund.

Vanquished Creatures
  A gnoll (D:1)
  A dart slug (D:2)
  3 ball pythons (D:1)
  3 bats
  4 endoplasms
  4 giant cockroaches
  3 goblins (D:1)
  2 hobgoblins (D:1)
  7 jackals (D:1)
  4 kobolds (D:1)
  A frilled lizard (D:1)
  4 rats
37 creatures vanquished.

Notes
Turn   | Place    | Note
-------+----------+-------------------------------------------
     0 | D:1      | qw the Gargoyle Hunter began the quest for the Orb.
     0 | D:1      | Reached XP level 1. HP: 12/12 MP: 1/1
     0 | D:1      | 0 ||| qw: Version: 0.3-a-75-g829b12e
     0 | D:1      | 0 ||| qw: Game counter: 187
     0 | D:1      | 0 ||| qw: Melee chars always use a shield: true
     0 | D:1      | 0 ||| qw: God list: Okawaru
     0 | D:1      | 0 ||| qw: Allow faded altars: false
     0 | D:1      | 0 ||| qw: Do Orc after clearing Dungeon:15 true
     0 | D:1      | 0 ||| qw: Do second Lair branch before Depths: true
     0 | D:1      | 0 ||| qw: Lair rune preference: random
     0 | D:1      | 0 ||| qw: Goals: Normal
     0 | D:1      | 0 ||| PLANNING D:1-11
   115 | D:1      | Reached XP level 2. HP: 17/17 MP: 2/2
   476 | D:1      | Reached XP level 3. HP: 21/21 MP: 3/3
   654 | D:1      | Reached skill level 5 in Ranged Weapons
  1013 | D:1      | 1013 ||| READING scroll labelled ESCHUO LYIKEUFOMANK.
  1014 | D:1      | 1014 ||| READING scroll labelled NOEWKEV LUWA.
  1015 | D:1      | 1015 ||| READING scroll labelled HIAJ DYASHREAR.
  1016 | D:1      | 1016 ||| READING scroll labelled LEOD HOJULETA.
  1017 | D:1      | 1017 ||| DROPPING scroll of butterflies.
  1036 | D:2      | Reached skill level 3 in Fighting
  1088 | D:2      | Identified the +2 leather armour "Rojit" {Int+2}
  1119 | D:2      | Noticed Sigmund
  1130 | D:2      | Slain by Sigmund

Levels and vault maps discovered:
D:1:      nzn_arrival_depleted_hourglass, layout_basic
D:2:      layout_loops_ring, minmay_quadrilaterals, uniq_sigmund

Skill      XL: |  1  2  3 |
---------------+----------+-----
Ranged Weapons | 5 |  5.1
Fighting       | 3 |  3.0
Dodging        | |  1.5
Stealth        | |  1.1

Action                     || total
---------------------------++-------
   Fire: Shortbow          ||   115
    Use: Scroll            ||     4
 Armour: Leather armour    ||    41
  Dodge: Dodged            ||    31

Table legend:
 A = Non-vault XP
 B = Vault XP
 C = Vault XP percentage of total XP
 D = Non-vault monster count
 E = Vault monster count
 F = Vault count percentage of total count
                 A         B        C        D         E       F
            +---------+---------+-------+---------+---------+-------
      Total |      80 |       0 |   0.0 |      37 |       0 |   0.0
            +---------+---------+-------+---------+---------+-------
        D:1 |      69 |       0 |   0.0 |      32 |       0 |   0.0
        D:2 |      11 |       0 |   0.0 |       5 |       0 |   0.0
            +---------+---------+-------+---------+---------+-------
